 Dungeon Crawl Stone Soup version 0.14-a0-1969-g2c76abe (webtiles) character file.

211 Kae the Vexing (level 4, 0/21 HPs)
             Began as a Spriggan Enchanter on Jan 17, 2014.
             Slain by a wight
             ... wielding a +0,+0 scimitar
              (12 damage)
             ... on Level 3 of the Dungeon.
             The game lasted 00:03:13 (1643 turns).

Kae the Vexing (Spriggan Enchanter)                 Turns: 1643, Time: 00:03:13

HP   0/21        AC  3     Str  5      XL: 4   Next: 47%
MP   5/13        EV 18     Int 16      God:
Gold 111         SH  0     Dex 16      Spells:  3 memorised,  3 levels left

rFire  . . .     SeeInvis +     a - +1 dagger
rCold  . . .     Clarity  .     b - +1 robe
rNeg   . . .     Conserve .     (shield restricted)
rPois  .         rCorr    .     (helmet restricted)
rElec  .         rRot     .     (no cloak)
SustAb . .       Spirit   .     (gloves unavailable)
rMut   .         Warding  .     (boots unavailable)
Saprov . . .     Stasis   .     (no amulet)
MR     .....                    (no ring)
                                (no ring)

@: drained, very quick, not resistant to hostile enchantments, quite stealthy
A: unfitting armour, see invisible, herbivore 3, speed 3, slow metabolism 2
a: no special abilities


You were on level 3 of the Dungeon.
You were not hungry.

You visited 1 branch of the dungeon, and saw 3 of its levels.

You collected 111 gold pieces.

Inventory:

Hand weapons
 a - a +1,+1 dagger (weapon)
Missiles
 d - 12 darts (quivered)
Armour
 b - a +1 robe (worn)
Magical devices
 p - a wand of digging (11) {unknown}
Comestibles
 i - 2 bread rations
Scrolls
 f - 2 scrolls of identify {unknown}
 g - a scroll of blinking {unknown}
 j - a scroll of curse weapon {unknown}
 k - 2 scrolls of amnesia {unknown}
 n - 2 scrolls of remove curse {unknown}
 q - a scroll of noise {unknown}
Potions
 e - a potion of porridge
 h - a potion of confusion {unknown}
 l - a potion of poison {unknown}
 m - 2 potions of heal wounds {unknown}
 o - a potion of brilliance {unknown}
Books
 c - a book of Maledictions

   Spells                             Type                      Level
   *Corona                            Hexes                        1
   Sure Blade                         Hexes/Charms                 2
   *Ensorcelled Hibernation           Hexes/Ice                    2
   *Confuse                           Hexes                        3
   Enslavement                        Hexes                        4
   Invisibility                       Hexes                        6


   Skills:
 * Level 3.0(2.6) Short Blades
 - Level 1.1(0.8) Throwing
 - Level 3.0(2.6) Dodging
 * Level 4.3(3.9) Stealth
 + Level 3.3(2.9) Spellcasting
 + Level 4.4(4.0) Hexes


You had 3 spell levels left.
You knew the following spells:

 Your Spells              Type           Power        Failure   Level  Hunger
a - Corona                Hex            ###....      4%          1    #......
b - Ensorcelled Hibernat  Hex/Ice        #.....       14%         2    ##.....
c - Confuse               Hex            ###.....     12%         3    ###....


Dungeon Overview and Level Annotations

Branches:
Dungeon (3/16)

Altars:
Nemelex Xobeh
Yredelemnul


Innate Abilities, Weirdness & Mutations

You are tiny and cannot use many weapons and most armour.
You have supernaturally acute eyesight.
You are a herbivore.
You cover ground extremely quickly.
You need consume almost no food.


Message History

The wight appears confused.
You hit the wight.
The wight is lightly damaged.
You hit the wight but do no damage.
The wight is lightly damaged.
You hit the wight but do no damage.
The wight is lightly damaged.
You hit the wight but do no damage.
The wight is lightly damaged.
You hit the wight but do no damage.
The wight is lightly damaged.
You hit the wight.
The wight is lightly damaged.
You barely miss the wight.
The wight is lightly damaged.
You hit the wight.
The wight is heavily damaged.
The wight hits you with a scimitar!
Ouch! That really hurt!
You die...

....####.......#....
##.............#####
##.#######.#### . #.#
#<# .# #.# #.# . ..
#.# #.# #! .# #.# #.#
#.# .#
###.#######.#######.#
.#
................@z#.#
###.#
...##############.#.#
#...#.# .#.# #.#.#
##>....# .#.#
#.#.###..###.# .#.#
##.#.<...z# .# .#.#
#...####..###.# .#.#
#.###.# ##....# .#.#
#. #.# #.#.## ...# #
#.####.#.######


You could see a wight (confused).

Vanquished Creatures
  4 adders
  2 worms
  An ooze (D:2)
  2 giant cockroaches (D:2)
  8 goblins
  3 hobgoblins
  4 jackals (D:2)
  2 quokkas (D:3)
  2 ball pythons
  11 bats
  2 giant geckos
  3 giant newts
  5 kobolds
  8 rats
57 creatures vanquished.

Notes
Turn   | Place    | Note
--------------------------------------------------------------
     0 | D:1      | Kae, the Spriggan Enchanter, began the quest for the Orb.
     0 | D:1      | Reached XP level 1. HP: 9/9 MP: 4/4
   263 | D:1      | Reached XP level 2. HP: 10/13 MP: 7/7
   476 | D:2      | Learned a level 2 spell: Ensorcelled Hibernation
   521 | D:2      | Reached skill level 4 in Hexes
   830 | D:2      | Reached XP level 3. HP: 9/16 MP: 9/9
   999 | D:2      | Found a sparkling altar of Nemelex Xobeh.
  1003 | D:2      | Found a basalt altar of Yredelemnul.
  1221 | D:2      | Reached XP level 4. HP: 21/21 MP: 3/13
  1619 | D:3      | Learned a level 3 spell: Confuse
  1643 | D:3      | Slain by a wight

Action                   |  1- 3 |  4- 6 || total
-------------------------+-------+-------++-------
Melee: Dagger            |    98 |    49 ||   147
 Cast: Corona            |     6 |     1 ||     7
       Ensorcelled Hiber |     7 |     7 ||    14
       Confuse           |       |     3 ||     3
 Stab: Sleeping          |    13 |     9 ||    22
